 Dungeon Sprint DCSS version 0.29.1-2-gbd0b4ee654 (webtiles) character file.

Game seed: 10670799643007148738

77 boopmooplesden the Slasher (level 4, 0/67 HPs)
             Began as a Minotaur Berserker on Nov 25, 2022.
             Was a Believer of Trog.
             Slain by a water moccasin (1 damage)
             ... in the Dungeon (Sprint II: "The Violet Keep of Menkaure").
             The game lasted 00:00:20 (222 turns).

boopmooplesden the Slasher (Minotaur Berserker)      Turns: 222, Time: 00:00:21

Health: 0/67       AC:  2    Str: 21    XL:     4   Next: 13%
Magic:  3/3        EV: 13    Int:  4    God:    Trog [**....]
Gold:   243        SH:  0    Dex: 12    Spells: 3/3 levels left

rFire   . . .      SeeInvis .   a - +0 falchion
rCold   . . .      Faith    .   (no shield)
rNeg    . . .      Spirit   .   b - +0 animal skin
rPois   .          Reflect  .   (helmet restricted)
rElec   .          Harm     .   (no cloak)
rCorr   .          Rampage  .   (no gloves)
Will    .....      NoTele   +   (no boots)
Stlth   ..........              (no amulet)
HPRegen 0.21/turn               (no ring)
MPRegen 0.08/turn               (no ring)

@: berserking (expiring), lethally poisoned (0 -> -24), very quick
A: horns 2, retaliatory headbutt
a: Renounce Religion, Berserk, Trog's Hand


You were in the Dungeon.
You worshipped Trog.
Trog was pleased with you.
You visited 1 branch You collected 243 gold pieces.

Inventory:

Hand Weapons
 a - a +0 falchion (weapon)
Armour
 b - a +0 animal skin (worn)
Scrolls
 h - a scroll of blinking
Potions
 c - a potion of curing
 d - a potion of heal wounds
 e - a potion of haste
 f - 2 potions of magic
 g - a potion of berserk rage


   Skills:
 + Level 6.9 Fighting
 + Level 7.3 Long Blades
 + Level 3.5 Armour
 + Level 3.8 Dodging


You had 3 spell levels left.
You didn't know any spells.
Your spell library was empty.

Dungeon Overview and Level Annotations

Branches:
Dungeon (1/1)

Altars:


Innate Abilities, Weirdness & Mutations

You have a pair of horns on your head.
You reflexively headbutt those who attack you in melee.


Message History

The water moccasin is almost dead.
You feel very sick. The water moccasin bites you.
You are lethally poisoned!
The water moccasin poisons you!
You slash the water moccasin!
You kill the water moccasin!
Trog accepts your kill.
You feel very sick.
Your Fighting skill gained 2 levels and is now at level 6!
Your Long Blades skill gained 3 levels and is now at level 7!
Your Armour skill increases to level 3!
Your Dodging skill increases to level 3!
You have reached level 3!
Your experience leads to an increase in your attributes!
Increase (S)trength, (I)ntelligence, or (D)exterity?
You feel agile. x2
You have reached level 4!
You feel agile.
You barely miss the water moccasin.
You feel very sick. The water moccasin bites you.
* * * LOW HITPOINT WARNING * * *
You are lethally poisoned!
The water moccasin poisons you!
You completely miss the water moccasin.
* * * LOW HITPOINT WARNING * * *
You feel very sick. The water moccasin bites you.
* * * LOW HITPOINT WARNING * * *
You closely miss the water moccasin.
* * * LOW HITPOINT WARNING * * *
You feel very sick. The water moccasin misses you.
You slash the water moccasin!
The water moccasin is heavily wounded.
* * * LOW HITPOINT WARNING * * *
You feel very sick. The water moccasin bites you.
You die... ≈.≈.≈○ ≈.○○≈ °≈§≈≈ zzz zzz

#~~#+++#+++##
~~~......S..#
##S## ##.#@##
#.##..#
###..## #'##
##.## +.<.+
##.## #+#


You could see a water moccasin and 4 flying skulls.

Vanquished Creatures
  A water moccasin (D)
  3 worms (D)
4 creatures vanquished.

Vanquished Creatures (others)
  Menkaure (D)
1 creature vanquished.

Grand Total: 5 creatures vanquished

Notes
Turn   | Place    | Note
-------+----------+-------------------------------------------
     0 | D        | boopmooplesden the Minotaur Berserker began the quest for
                  | the Orb.
     0 | D        | Reached XP level 1. HP: 19/19 MP: 0/0
     6 | D        | Reached skill level 4 in Long Blades
    88 | D        | Killed Menkaure
   200 | D        | Noticed a flying skull
   200 | D        | Noticed a flying skull
   201 | D        | Noticed a flying skull
   201 | D        | Noticed a flying skull
   201 | D        | Noticed a flying skull
   201 | D        | Noticed a flying skull
   201 | D        | Noticed a flying skull
   202 | D        | Noticed a flying skull
   203 | D        | Noticed a flying skull
   204 | D        | Noticed a flying skull
   206 | D        | Reached ** piety under Trog
   206 | D        | Noticed a flying skull
   207 | D        | Reached XP level 2. HP: 24/28 MP: 1/1
   209 | D        | Noticed a water moccasin
   209 | D        | Noticed a flying skull
   213 | D        | Noticed a water moccasin
   218 | D        | Killed a water moccasin
   219 | D        | Reached skill level 7 in Long Blades
   219 | D        | Reached XP level 3. HP: 22/38 MP: 2/2
   219 | D        | Reached XP level 4. HP: 27/45 MP: 3/3
   222 | D        | HP: 1/67 [poisoned by a water moccasin]
   222 | D        | Slain by a water moccasin

Illustrated notes

Levels and vault maps discovered:
D:        the_violet_keep_of_menkaure [sprint2_stairs_cluster_1,
          sprint2_shoproom, sprint2_temple, sprint2_basic_supplies,
          sprint2_obstacle_7, sprint2_obstacle_4, sprint2_obstacle_1,
          sprint2_obstacle_5, sprint2_obstacle_2, sprint2_timed_cluster_1,
          sprint2_smallroom_cluster_1, sprint2_smallroom_final_cluster_1,
          sprint2_transparent_cluster_1, sprint2_second_timed_cluster_1,
          sprint2_sniper_area_1, sprint2_heavy_combat_area_1,
          sprint2_mutation_trap_area_1, sprint2_forest_area_1,
          sprint2_light_combat_area_1, sprint2_behind_water_1,
          sprint2_near_end_vault_1]

Skill      XL: |  1  2 |
---------------+-------+-----
Fighting       | 4 6 |  6.9
Long Blades    | 4 7 |  7.3
Armour         | 3 |  3.5
Dodging        | 3 |  3.8

Action                   |  1- 3 |  4- 6 || total
-------------------------+-------+-------++-------
Melee: Falchion          |    13 |     4 ||    17
       Headbutt          |     2 |       ||     2
Invok: Berserk           |     2 |       ||     2
Armor: Animal skin       |     1 |       ||     1
Dodge: Dodged            |     7 |     1 ||     8
